 Dungeon Crawl Stone Soup version 0.29-a0-103-g37f86683bf (webtiles) character file.

Game seed: 9878352021592503735

11 drugrobin the Grasshopper (level 2, 0/24 HPs)
             Began as a Demigod Warper on Feb 16, 2022.
             Succumbed to an adder's poison
             ... on level 2 of the Dungeon.
             The game lasted 00:01:47 (1115 turns).

drugrobin the Grasshopper (Demigod Warper)          Turns: 1115, Time: 00:01:48

Health: 0/24       AC:  4    Str: 12    XL:     2   Next: 6%
Magic:  7/7        EV: 11    Int: 15    God:
Gold:   70         SH:  0    Dex: 13    Spells: 4/4 levels left

rFire   . . .      SeeInvis .   a - +0 spear
rCold   . . .      Faith    .   (no shield)
rNeg    . . .      Spirit   .   b - +0 leather armour
rPois   .          Reflect  .   (no helmet)
rElec   .          Harm     .   f - scarf {+Inv}
rCorr   .          Rampage  .   i - +0 pair of gloves
Will    .....                   (no boots)
Stlth   +.........              (no amulet)
HPRegen 0.08/turn               (no ring)
MPRegen 0.10/turn               (no ring)

@: lethally poisoned (0 -> -8), attractive
A: high MP 1, forlorn, divine attributes
a: Evoke Invisibility


You were on level 2 of the Dungeon.
You visited 1 branch of the dungeon, and saw 2 of its levels.

You collected 70 gold pieces.

Inventory:

Hand Weapons
 a - a +0 spear (weapon)
Missiles
 d - 5 boomerangs of dispersal
 m - 14 stones (quivered)
Armour
 b - a +0 leather armour (worn)
 f - a scarf of invisibility (worn)
 i - a +0 pair of gloves (worn)
Magical Staves
 j - a staff of cold
Scrolls
 c - a scroll of blinking
 e - a scroll of identify {unknown}
 g - a scroll of brand weapon {unknown}
 h - a scroll of fear {unknown}
 k - a scroll of fog {unknown}


   Skills:
 - Level 1.7 Fighting
 * Level 2.4 Polearms
 - Level 0.8 Throwing
 - Level 0.8 Armour
 - Level 1.7 Dodging
 - Level 1.7 Spellcasting
 - Level 2.6 Translocations
 + Level 0.6 Evocations


You had 4 spell levels left.
You didn't know any spells.
Your spell library contained the following spells:

 Spells                   Type           Power      Damage    Failure   Level
 Blink                    Tloc           18%        N/A       14%         2
 Slow                     Hex            4%         N/A       28%         1
 Gell's Gravitas          Tloc           9%         N/A       28%         3
 Lesser Beckoning         Tloc           9%         N/A       28%         3
 Teleport Other           Tloc           9%         N/A       28%         3
 Confusing Touch          Hex            1%         N/A       65%         3
 Vampiric Draining        Necr           1%         2d6       65%         3
 Manifold Assault         Tloc           9%         N/A       95%         5


Dungeon Overview and Level Annotations

Branches:
Dungeon (2/15)


Innate Abilities, Weirdness & Mutations

You have an increased reservoir of magic. (+10% MP)
You shall have no god before yourself.
Your divine heritage dramatically boosts your attributes as you level up.


Message History

The adder bites you but does no damage.
You barely miss the adder. The adder bites you but does no damage.
You miss the adder. Your punch misses the adder.
The adder barely misses you. x2
You miss the adder. The adder bites you.
You are poisoned.
The adder poisons you!
You hit the adder.
The adder is moderately wounded.
You feel sick. The adder misses you. The rat bites you but does no damage.
You hit the adder.
The adder is heavily wounded.
You feel sick. The adder closely misses you.
The adder bites you but does no damage. The rat misses you.
You completely miss the adder.
The adder is heavily wounded.
You feel sick. The adder bites you.
You are more poisoned.
The adder poisons you! The rat bites you but does no damage.
You barely miss the adder.
The adder is heavily wounded.
You feel sick. The adder bites you.
You barely miss the adder.
The adder is heavily wounded.
You feel sick. The rat bites you but does no damage. The adder bites you.
You closely miss the adder.
The adder is heavily wounded.
You feel sick. The adder bites you but does no damage. The rat bites you.
* * * LOW HITPOINT WARNING * * *
The adder bites you.
* * * LOW HITPOINT WARNING * * *
You are more poisoned.
The adder poisons you!
It was a potion of attraction.
You feel attractive to monsters.
* * * LOW HITPOINT WARNING * * *
You feel sick. The rat bites you but does no damage.
The adder barely misses you.
You barely miss the adder.
The adder is heavily wounded.
You die...

.......# #.....#.....#......
.......### ####.....#..####.#.#.#
...........#........#...# #.#.###
..$........#.....#....#.# #.)....
..#####....#.....######.#####.###
.. #....#.....### #.#.....### ..
#....#.......####.......#.. ..
##....#####...#..........#.. ..
......#####@..#..........#.. ..
..........Sr###..........#..
...#........# #....#.....#..
#........# #....#.###.#..
#........# #.......##.#..
#........# #.............
#........# ####.....#..##
#........# #........## #........#
#...#....##


You could see an adder and a rat.

Vanquished Creatures
  3 endoplasms
  A goblin (D:1)
  A hobgoblin (D:2)
  2 ball pythons (D:1)
  A kobold (D:1)
  4 rats (D:1)
12 creatures vanquished.

Notes
Turn   | Place    | Note
-------+----------+-------------------------------------------
     0 | D:1      | drugrobin the Demigod Warper began the quest for the Orb.
     0 | D:1      | Reached XP level 1. HP: 17/17 MP: 5/5
   866 | D:2      | Reached XP level 2. HP: 10/24 MP: 7/7
  1115 | D:2      | Succumbed to an adder's poison

Illustrated notes

Levels and vault maps discovered:
D:1:      roderic_crossed_star, layout_basic, grunt_decor_fettered,
          feat_on_display
D:2:      layout_basic, hellmonk_ecumenical_altar_lost_god

Skill      XL: |  1 |
---------------+----+-----
Polearms       | 2 |  2.4
Fighting       | |  1.7
Throwing       | |  0.8
Armour         | |  0.8
Dodging        | |  1.7
Spellcasting   | |  1.7
Translocations | |  2.6
Evocations     | |  0.6

Action                   || total
-------------------------++-------
Melee: Spear             ||    54
       Punch             ||     1
  Use: Potion            ||     1
Armor: Leather armour    ||    16
Dodge: Dodged            ||    19

Table legend: (Time is in decaauts)
 A = Elapsed time spent in this place.
 B = Non-inter-level travel time spent in this place.
 C = Inter-level travel time spent in this place.
 D = Time resting spent in this place.
 E = Time spent auto-exploring this place.
 F = Levels seen in this place.
 G = Mean time per level.
                   A        B        C        D        E       F      G
               +--------+--------+--------+--------+--------+-----+--------+
         Total |   1115 |   1062 |     53 |    171 |    682 |   2 |  557.5 |
       Dungeon |   1115 |   1062 |     53 |    171 |    682 |   2 |  557.5 |
               +--------+--------+--------+--------+--------+-----+--------+

Top non-repeatable levels by time:
     D:1: 796 daAuts
     D:2: 318 daAuts
